 Dungeon Crawl Stone Soup version 0.27.1-35-g4d5d836560 (webtiles) character file.

Game seed: 356760722831884319

854 cbfl8 the Sneak (level 7, -3/61 HPs)
             Began as a Minotaur Delver on Mar 27, 2022.
             Slain by an orc warrior (15 damage)
             ... on level 6 of the Dungeon.
             The game lasted 00:09:34 (5595 turns).

cbfl8 the Sneak (Minotaur Delver)                   Turns: 5595, Time: 00:09:35

Health: -3/61      AC:  8    Str: 18    XL:     7   Next: 70%
Magic:  6/6        EV:  9    Int:  7    God:
Gold:   367        SH:  9    Dex: 12    Spells: 6/6 levels left

rFire    . . .     SeeInvis .   E - +2 trident (vorpal)
rCold    . . .     Faith    .   q - +0 kite shield
rNeg     . . .     Spirit   .   r - +0 ring mail
rPois    .         Reflect  .   (helmet restricted)
rElec    .         Harm     .   (no cloak)
rCorr    .         Rampage  .   A - +0 pair of gloves
Will     .....                  m - +0 pair of boots
Stlth    ++........             (no amulet)
HPRegen  0.20/turn              (no ring)
MPRegen  0.10/turn              (no ring)

@: no status effects
A: horns 2, retaliatory headbutt
a: no special abilities


You were on level 6 of the Dungeon.
You visited 1 branch of the dungeon, and saw 6 of its levels.

You collected 367 gold pieces.

Inventory:

Hand Weapons
 a - a +0 hand axe
 y - a +0 flail of protection
 E - a +2 vorpal trident (weapon)
Armour
 b - a +0 leather armour
 m - a +0 pair of boots (worn)
 q - a +0 kite shield (worn)
 r - a +0 ring mail (worn)
 A - a +0 pair of gloves (worn)
Jewellery
 C - a +6 ring of dexterity
Wands
 g - a wand of digging (3)
Scrolls
 c - a scroll of fog
 e - a scroll of fear
 i - a scroll of enchant armour
 n - 2 scrolls of teleportation
 o - a scroll of amnesia
 s - a scroll of blinking
 t - a scroll of acquirement
 B - a scroll of torment {unknown}
Potions
 f - 2 potions of haste
 j - a potion of lignification {unknown}
 k - a potion of degeneration {unknown}
 l - 3 potions of curing {unknown}
 p - 2 potions of attraction
 u - a potion of might {unknown}
 v - a potion of brilliance {unknown}
 w - 2 potions of mutation
 x - a potion of resistance {unknown}
 z - a potion of magic {unknown}
 D - a potion of flight {unknown}


   Skills:
 + Level 5.1 Fighting
 + Level 4.9(5.4) Axes
 + Level 3.0(4.4) Maces & Flails
 + Level 0.3(3.0) Polearms
 + Level 4.0 Armour
 + Level 3.5 Dodging
 + Level 5.6 Stealth
 + Level 3.0 Shields


You had 6 spell levels left.
You didn't know any spells.
Your spell library contained the following spells:

 Spells                   Type           Power      Damage    Failure   Level
 Slow                     Hex            0%         N/A       99%         2
 Confusing Touch          Hex            0%         N/A       100%        3
 Gell's Gravitas          Tloc           0%         N/A       100%        3
 Lesser Beckoning         Tloc           0%         N/A       100%        3
 Teleport Other           Tloc           0%         N/A       100%        3
 Vampiric Draining        Necr           0%         2d6       100%        3


Dungeon Overview and Level Annotations

Branches:
Dungeon (6/15)             Temple (0/1) D:6

Altars:
Ashenzari
Ru
Xom


Innate Abilities, Weirdness & Mutations

You have a pair of horns on your head.
You reflexively headbutt those who attack you in melee.


Message History

You hit the centaur skeleton.
The centaur skeleton is heavily damaged.
You block the centaur skeleton's attack.
The centaur skeleton kicks you. The orc hits you but does no damage.
You block the centaur skeleton's attack.
The centaur skeleton barely misses you.
You puncture the centaur skeleton! You headbutt the centaur skeleton.
You destroy the centaur skeleton!
You block the orc's attack.
The orc priest invokes the aid of Beogh against you.
Beogh smites you! The orc barely misses you. You furiously retaliate!
You headbutt the orc.
Your base Maces & Flails skill increases to level 3!
Your Armour skill increases to level 4!
You closely miss the orc. Your headbutt misses the orc.
The orc is heavily wounded.
The orc priest mumbles some strange prayers to Beogh against you.
Beogh smites you! You block the orc's attack.
The orc hits you but does no damage. You block the orc warrior's attack.
The orc completely misses you.
You feel much better. The orc hits you but does no damage.
You block the orc warrior's attack.
The orc hits you from afar with a +0 trident.
You puncture the orc warrior!
You headbutt the orc warrior, but do no damage.
The orc warrior is heavily wounded.
The orc hits you but does no damage. The orc barely misses you.
You barely miss the orc. Your headbutt misses the orc.
The orc is heavily wounded.
The orc priest mumbles some strange prayers to Beogh against you.
Beogh smites you! The orc hits you but does no damage.
The orc closely misses you. You block the orc warrior's attack.
You puncture the orc!
You kill the orc!
The orc priest invokes the aid of Beogh against you.
Beogh smites you!
The orc hits you from afar with a +0 trident!
* * * LOW HITPOINT WARNING * * *
The orc warrior hits you with a +0 long sword!
You die...

***,*
#.#...#.#******
,,,,* #.....#.#
*********#.#.#...#
,,,,,,,,...#.#...#
,******###*#.....#
,,,,,,,* #.....#
,*****,****#...oo#
,**,,........###)##
,**,,...###### #@o#
**********
***,,,,,*******#>.#
*,,,,,,,,* *
*,,,,,,,,,,,*##.#
*,******,* *
*,,,,,,,,,,,* #.#
*,* *,* *
*,,,,,,,,,,,*
#.#**,******,* *
***,,,,,,,,,*
#..,,,,,,,,,,* *
*,,,,,,,,,*
###**,,,,,,,,*
*,,,*******
*,******,* *,,,*
*,* *,*


You could see an orc warrior, an orc priest and an orc.

Vanquished Creatures
  Blork the orc (D:5)
  2 scorpions
  A water moccasin skeleton (D:5)
  A howler monkey (D:4)
  2 hounds
  A centaur zombie (D:5)
  A centaur skeleton (D:6)
  An orc priest (D:4)
  Jessica (D:2)
  A scorpion zombie (D:5)
  Terence (D:3)
  Ijyb (D:5)
  3 iguanas
  An orc wizard (D:4)
  A hound skeleton (D:5)
  Robin (D:3)
  A gnoll (D:1)
  6 adders
  An adder zombie (D:4)
  6 dart slugs
  A worm (D:2)
  14 orcs
  14 endoplasms
  3 giant cockroaches
  13 goblins
  5 hobgoblins
  11 jackals
  3 quokkas
  6 ball pythons
  8 bats
  4 frilled lizards
  5 kobolds
  5 rats
  A bush (D:5)
127 creatures vanquished.

Notes
Turn   | Place    | Note
-------+----------+-------------------------------------------
     0 | D:5      | cbfl8 the Minotaur Delver began the quest for the Orb.
     0 | D:5      | Reached XP level 1. HP: 19/19 MP: 0/0
    38 | D:4      | Found a sacrificial altar of Ru.
    54 | D:4      | Noticed a scorpion
    62 | D:4      | Killed a scorpion
    63 | D:4      | Reached skill level 5 in Stealth
    63 | D:4      | Reached XP level 2. HP: 8/27 MP: 1/1
    63 | D:4      | Reached XP level 3. HP: 10/33 MP: 2/2
   357 | D:4      | Reached XP level 4. HP: 38/40 MP: 3/3
   374 | D:4      | Reached skill level 1 in Armour
   693 | D:2      | Found a faded altar of an unknown god.
  1446 | D:1      | Reached XP level 5. HP: 42/46 MP: 4/4
  2152 | D:2      | Noticed Jessica
  2158 | D:2      | Killed Jessica
  2649 | D:3      | Noticed Robin
  2667 | D:3      | Killed Robin
  3093 | D:3      | Noticed Terence
  3316 | D:3      | Killed Terence
  3317 | D:3      | Reached XP level 6. HP: 35/52 MP: 5/5
  3525 | D:4      | Reached skill level 1 in Shields
  4630 | D:5      | Reached XP level 7. HP: 54/60 MP: 6/6
  4658 | D:5      | Identified a scroll of acquirement
  4736 | D:5      | Noticed Ijyb
  4888 | D:5      | Found a broken altar of Ashenzari.
  4984 | D:5      | Found a shimmering altar of Xom.
  5085 | D:5      | Reached skill level 1 in Maces & Flails
  5162 | D:5      | Killed Ijyb
  5267 | D:5      | Noticed Blork the orc
  5277 | D:5      | Killed Blork the orc
  5278 | D:5      | Reached skill level 5 in Fighting
  5567 | D:6      | Found a staircase to the Ecumenical Temple.
  5595 | D:6      | Slain by an orc warrior

Illustrated notes

Levels and vault maps discovered:
D:1:      dpeg_arrival_stonehenge_8_columns, layout_basic
D:2:      layout_basic, ebering_ecumenical_altar_webs, minmay_distorted,
          uniq_jessica
D:3:      layout_loops_ring, uniq_robin, uniq_terence
D:4:      minmay_opposing_rooms, layout_basic, lemuel_round_altar,
          corexii_checkpoint_a
D:5:      layout_loops_ring, nicolae_overflow_crystal_walls,
          mainiacjoe_overflow_alcove_4, uniq_ijyb, uniq_blork_the_orc
D:6:      layout_basic, zin_treasury, minmay_temple_entry_offerings,
          serial_shops, kennysheep_mini_moat, nicolae_ossuary_entry_catacombs

Skill      XL: |  1  2  3  4  5  6  7 |
---------------+----------------------+-----
Fighting       | 4 5 |  5.1
Stealth        | 5 |  5.6
Armour         | 1 2 3 4 |  4.0
Axes           | 3 4 |  4.9
Dodging        | 3 |  3.5
Shields        | 1 3 |  3.0
Maces & Flails | 3 |  3.0
Polearms       | |  0.3

Action                   |  1- 3 |  4- 6 |  7- 9 || total
-------------------------+-------+-------+-------++-------
Melee: Hand axe          |    16 |   242 |       ||   258
       Headbutt          |     3 |    49 |    48 ||   100
       Flail             |       |    11 |   101 ||   112
       Trident           |       |       |    13 ||    13
  Use: Potion            |       |     2 |     1 ||     3
       Scroll            |       |       |     8 ||     8
 Stab: Sleeping          |       |    11 |     1 ||    12
Armor: Leather armour    |     2 |    36 |       ||    38
       Ring mail         |       |    48 |    27 ||    75
Dodge: Dodged            |     6 |   150 |    16 ||   172
Block: Kite shield       |       |    79 |    32 ||   111
